 Dungeon Crawl Stone Soup version 0.26.0-10-g1f06aea511 (webtiles) character file.

Game seed: 16144293261662412007

3557 Dracia the Grappler (level 9, 0/68 HPs)
             Began as a Demonspawn Fighter on Jan 19, 2021.
             Was a Believer of Makhleb.
             Slain by an orc
             ... wielding a +0 trident
              (7 damage)
             ... in a bailey.
             The game lasted 00:11:18 (8258 turns).

Dracia the Grappler (Demonspawn Fighter)            Turns: 8258, Time: 00:11:19

Health: 0/68       AC:  7    Str: 19    XL:     9   Next: 83%
Magic:  11/11      EV: 10    Int: 16    God:    Makhleb [**....]
Gold:   477        SH:  5    Dex: 13    Spells: 8/8 levels left

rFire    + . .     SeeInvis .     - Unarmed
rCold    . . .     Faith    .   (no shield)
rNeg     . . .     Spirit   .   b - +1 scale mail
rPois    .         Reflect  +   (no helmet)
rElec    .         Harm     .   (no cloak)
rCorr    .         Rampage  .   (no gloves)
Will     .....                  (no boots)
Stlth    ..........             g - amulet of reflection
HPRegen  0.21/turn              I - +6 ring of intelligence
MPRegen  0.12/turn              F - ring of protection from fire

@: no status effects
A: claws 2, talons 1, demonic guardian 1, spiny 1
a: Renounce Religion, Minor Destruction


You were in a bailey.
You worshipped Makhleb.
Makhleb was pleased with you.
You visited 2 branches of the dungeon, and saw 9 of its levels.
You also visited: Bailey.

You collected 477 gold pieces.


Innate Abilities, Weirdness & Mutations

You have very sharp fingernails.
You have sharp toenails.
A weak demonic guardian rushes to your aid.
You are partially covered in sharp spines.


   Skills:
 - Level 5.0 Fighting
 - Level 1.7 Short Blades
 - Level 2.9 Armour
 - Level 0.8 Dodging
 - Level 2.9 Shields
 * Level 11.7 Unarmed Combat
 + Level 3.4 Invocations


You had 8 spell levels left.
You didn't know any spells.
Your spell library contained the following spells:

 Spells                   Type           Power        Failure   Level
 Animate Skeleton         Necr           0%           58%         1
 Apportation              Tloc           0%           58%         1
 Corona                   Hex            0%           58%         1
 Magic Dart               Conj           0%           58%         1
 Summon Small Mammal      Summ           0%           58%         1
 Searing Ray              Conj           0%           75%         2
 Dazzling Flash           Conj/Hex       0%           92%         3
 Fulminant Prism          Conj/Hex       0%           100%        4
 Iskenderun's Mystic Bla  Conj/Tloc      0%           100%        4

Inventory:

Missiles
 f - 30 poisoned darts (quivered)
Armour
 b - a +1 scale mail (worn)
Jewellery
 e - an uncursed amulet of magic regeneration
 g - an amulet of reflection (around neck)
 F - a ring of protection from fire (right claw)
 I - a +6 ring of intelligence (left claw)
 Z - an uncursed ring of wizardry
Wands
 r - a wand of random effects (21)
 u - a wand of acid (10)
Scrolls
 a - 8 scrolls of identify {@r1@r1}
 i - 5 scrolls of teleportation {@r4@r4}
 j - 4 scrolls of remove curse {@r2@r2}
 n - a scroll of vulnerability
 o - 2 scrolls of enchant armour
 v - 2 scrolls of blinking
 w - a scroll of amnesia
 B - a scroll of fear
Potions
 c - 2 potions of curing {@q1@q1}
 d - a potion of might
 k - 2 potions of degeneration {unknown}
 l - a potion of invisibility
 m - a potion of ambrosia {unknown}
 p - a potion of lignification {unknown}
 q - a potion of haste {unknown}
 s - 2 potions of brilliance {unknown}
 x - a potion of cancellation {unknown}
 z - a potion of attraction {unknown}
 A - a potion of berserk rage {unknown}
 C - a potion of resistance {unknown}

Dungeon Overview and Level Annotations

Branches:
Dungeon (8/15)             Temple (1/1) D:6          Bailey (1/1)
   Lair: D:8-11

Altars:
Cheibriados
Dithmenos
Fedhas
Hepliaklqana
Kikubaaqudgha
Makhleb
Nemelex Xobeh
Okawaru
Qazlal
Ru
Uskayaw
Vehumet
Wu Jian
Xom
Yredelemnul
Zin
The Shining One

Annotations:
D:5 exclusion: oklob plant

#### ##∩## ######
....##...##.....##
≈≈≈..#...#..≈≈≈(.#
≈o≈≈.......≈≈o≈≈.#
oo≈......(≈oo.≈.+
o≈≈....o5.≈≈o≈≈.#
≈..#(oo#..≈≈≈..#
#.∩.##.....##
##@## ###### ###


You could see an orc warrior, 2 orcs and a friendly shadow imp (summoned).


Message History

Found two gates leading back out of this place.
There is an empty arch of ancient stone here. 2 orcs and an orc warrior come into view.
The orc shouts!
The orc warrior shouts!
You hear a shout! x3
The orc warrior shoots a bolt.
The bolt barely misses you.
An orc warrior comes into view. It is wielding a -1 glaive.
Found two gates leading back out of this place.
An orc comes into view. It is wielding a +0 spear.
The orc shouts!
The orc knight roars a battlecry!
The orc goes into a battle-frenzy!
The orc warrior shoots a bolt.
The bolt hits you!!
The orc warrior hits you from afar with a +0 halberd!!
* * * LOW HITPOINT WARNING * * *
The orc warrior shoots a bolt.
You reflect the bolt off an invisible shield around you!
The bolt closely misses the orc warrior.
The orc warrior hits you but does no damage.
You see here a bolt.
The orc warrior shoots a bolt.
The bolt hits you!
* * * LOW HITPOINT WARNING * * *
Unknown command.
The orc hits your shadow imp but does no damage.
The orc warrior hits your iron imp with a +0 halberd!
Your iron imp dies!
There is an empty arch of ancient stone here.
Your shadow imp hits the orc warrior.
There is a gate leading back out of this place here.
The orc hits you from afar with a +0 trident!
You die...

Skill      XL: |  1  2  3  4  5  6  7  8  9 |
---------------+----------------------------+-----
Unarmed Combat | 1 2 3 4 5 7 9 11 | 11.7
Fighting       | 4 5 |  5.0
Invocations    | 3 |  3.4
Short Blades   | |  1.7
Armour         | |  2.9
Dodging        | |  0.8
Shields        | |  2.9

Action                   |  1- 3 |  4- 6 |  7- 9 || total
-------------------------+-------+-------+-------++-------
Melee: Rapier            |    15 |       |       ||    15
       Unarmed           |   147 |   195 |   198 ||   540
       Punch             |       |     4 |     7 ||    11
       Kick              |       |       |    34 ||    34
Evoke: Wand              |       |       |     1 ||     1
  Use: Scroll            |     2 |     6 |     7 ||    15
       Potion            |       |     1 |     2 ||     3
 Stab: Distracted        |       |       |     2 ||     2
Armor: Scale mail        |   100 |    56 |    67 ||   223
Dodge: Dodged            |    83 |    68 |    99 ||   250
Block: Kite shield       |     3 |       |       ||     3
       Other             |       |    41 |    52 ||    93
       Reflection        |       |       |     5 ||     5

Levels and vault maps discovered:
D:1:      matt_arrival_los_fun, layout_basic, nemelex_diamond_rough_becter
D:2:      layout_loops_corners, nicolae_qazlal_style_of_elements,
          patterned_corridor
D:3:      layout_loops_cross
D:4:      layout_basic
D:5:      layout_cave_pools, tgw_fedhas, uniq_eustachio
D:6:      layout_basic, minmay_temple_entry_waves, basic_altar,
          supply_closet_lemuel
D:7:      layout_loops_ring, vehumet_crystals, nicolae_dithmenos_the_darkroom,
          cheibriados_altar_1, lemuel_crystal_altar, basic_altar,
          hangedman_decor_slide_cut, xom_confusion_cloud, uniq_joseph,
          uniq_duvessa, uniq_prince_ribbit1
D:8:      layout_cave_pods, gammafunk_temple_overflow_statue, enter_bailey_3,
          uniq_maurice
Temple:   nicolae_temple_hex_pool
Bailey:   bailey_polearm_4, bailey

Notes
Turn   | Place    | Note
-------+----------+-------------------------------------------
     0 | D:1      | Dracia the Demonspawn Fighter began the quest for the Orb.
     0 | D:1      | Reached XP level 1. HP: 18/18 MP: 1/1
   130 | D:1      | You feel monstrous as your demonic heritage exerts itself.
   130 | D:1      | Gained mutation: You have sharp fingernails. [demonic
                  | ancestry]
   130 | D:1      | Reached XP level 2. HP: 24/24 MP: 2/2
   178 | D:1      | Reached skill level 1 in Unarmed Combat
   467 | D:1      | You fall into a shaft and drop 1 floor!
   549 | D:1      | Reached XP level 3. HP: 25/29 MP: 3/3
   892 | D:1      | Reached skill level 2 in Unarmed Combat
  1104 | D:1      | Found a sparkling altar of Nemelex Xobeh.
  1910 | D:2      | Noticed an air elemental
  1919 | D:2      | Found a stormy altar of Qazlal.
  1921 | D:2      | Noticed a water elemental
  1922 | D:2      | Noticed a fire elemental
  1922 | D:2      | Noticed an earth elemental
  1939 | D:2      | Reached XP level 4. HP: 35/35 MP: 4/4
  2704 | D:3      | Reached skill level 3 in Unarmed Combat
  2902 | D:3      | Gained mutation: You have very sharp fingernails. [demonic
                  | ancestry]
  2902 | D:3      | Reached XP level 5. HP: 17/41 MP: 5/5
  3451 | D:4      | Reached skill level 4 in Unarmed Combat
  3860 | D:4      | Reached skill level 4 in Fighting
  3860 | D:4      | Reached XP level 6. HP: 45/48 MP: 6/6
  3945 | D:4      | Reached skill level 5 in Unarmed Combat
  4113 | D:4      | Gained mutation: You are partially covered in sharp spines.
                  | [demonic ancestry]
  4113 | D:4      | Reached XP level 7. HP: 27/55 MP: 7/7
  4482 | D:5      | Entered Level 5 of the Dungeon
  4485 | D:5      | Noticed Eustachio
  4495 | D:5      | Killed Eustachio
  4496 | D:5      | Reached skill level 5 in Fighting
  4496 | D:5      | Reached skill level 6 in Unarmed Combat
  4699 | D:5      | Reached skill level 7 in Unarmed Combat
  5089 | D:5      | Found a blossoming altar of Fedhas.
  5110 | D:5      | Noticed an oklob plant
  5353 | D:6      | Found a sacrificial altar of Ru.
  5365 | D:6      | Gained mutation: You have sharp toenails. [demonic
                  | ancestry]
  5365 | D:6      | Reached XP level 8. HP: 62/62 MP: 8/8
  5402 | D:6      | Found a staircase to the Ecumenical Temple.
  5550 | D:6      | Noticed a troll
  5564 | D:6      | HP: 3/62 [troll (9)]
  5566 | D:6      | Killed a troll
  5567 | D:6      | Reached skill level 8 in Unarmed Combat
  5859 | Temple   | Entered the Ecumenical Temple
  5908 | Temple   | Became a worshipper of Makhleb the Destroyer
  6304 | D:6      | Reached skill level 9 in Unarmed Combat
  6749 | D:7      | Found a burning altar of Makhleb.
  6881 | D:7      | Gained mutation: A weak demonic guardian rushes to your
                  | aid. [demonic ancestry]
  6881 | D:7      | Reached XP level 9. HP: 67/68 MP: 9/9
  6883 | D:7      | Found an iron altar of Okawaru.
  6889 | D:7      | Reached skill level 10 in Unarmed Combat
  6905 | D:7      | Reached * piety under Makhleb
  6976 | D:7      | Found a shimmering altar of Xom.
  6995 | D:7      | Found a snail-covered altar of Cheibriados.
  7019 | D:7      | Found a shadowy altar of Dithmenos.
  7185 | D:7      | Noticed Duvessa
  7188 | D:7      | Noticed Dowan
  7193 | D:7      | Killed Duvessa
  7195 | D:7      | Found a radiant altar of Vehumet.
  7196 | D:7      | Noticed Joseph
  7199 | D:7      | Killed Dowan
  7208 | D:7      | Killed Joseph
  7209 | D:7      | Reached skill level 11 in Unarmed Combat
  7538 | D:7      | Noticed Prince Ribbit
  7823 | D:7      | Killed Prince Ribbit
  7824 | D:7      | Reached skill level 1 in Invocations
  8033 | D:8      | Reached skill level 2 in Invocations
  8095 | D:8      | Found a flagged portal.
  8102 | D:8      | Reached skill level 3 in Invocations
  8240 | D:8      | Reached ** piety under Makhleb
  8250 | Bailey   | Entered a bailey
  8250 | Bailey   | Noticed an orc knight
  8254 | Bailey   | HP: 6/68 [orc warrior/bolt (9)]
  8258 | Bailey   | Slain by an orc

Vanquished Creatures
  Joseph (D:7)
  A troll (D:6)
  Prince Ribbit (D:7)
  Eustachio (D:5)
  Duvessa (D:7)
  A black bear (D:7)
  2 orc warriors
  A sky beast (D:8)
  5 ogres
  3 centaurs
  2 bullfrogs (D:7)
  Dowan (D:7)
  2 scorpions (D:5)
  A wight (D:7)
  2 howler monkeys
  A bullfrog zombie (D:4)
  2 centaur zombies
  4 jellies
  A quasit (D:7)
  6 hounds
  4 orc wizards
  2 orc priests
  A gnoll shaman (D:7)
  A bullfrog skeleton (D:4)
  3 iguanas
  6 worker ants
  A hound skeleton (D:5)
  5 gnolls (D:7)
  6 adders
  A white imp (D:7)
  2 ufetubi
  2 oozes
  2 worms (D:2)
  6 dart slugs
  3 leopard geckos
  17 orcs
  9 bats
  6 giant cockroaches
  6 goblins
  7 hobgoblins
  11 jackals
  7 quokkas
  A ball python (D:3)
  5 frilled lizards
  10 kobolds
  A leopard gecko zombie (D:7)
  A quokka skeleton (D:8)
  8 rats
173 creatures vanquished.

Vanquished Creatures (collateral kills)
  A bullfrog (D:7)
  A hound (D:7)
2 creatures vanquished.

Vanquished Creatures (others)
  A scorpion (D:7)
  An adder (D:7)
  2 orcs (D:7)
4 creatures vanquished.

Grand Total: 179 creatures vanquished

Table legend: (Time is in decaauts)
 A = Elapsed time spent in this place.
 B = Non-inter-level travel time spent in this place.
 C = Inter-level travel time spent in this place.
 D = Time resting spent in this place.
 E = Time spent auto-exploring this place.
 F = Levels seen in this place.
 G = Mean time per level.
                   A        B        C        D        E       F      G
               +--------+--------+--------+--------+--------+-----+--------+
         Total |   8211 |   7947 |    264 |   1324 |   5500 |  10 |  821.1 |
       Dungeon |   8116 |   7891 |    225 |   1324 |   5460 |   8 | 1014.5 |
        Temple |     87 |     49 |     38 |      0 |     40 |   1 |   87.0 |
        Bailey |      7 |      7 |      0 |      0 |      0 |   1 |    7.0 |
               +--------+--------+--------+--------+--------+-----+--------+

Top non-repeatable levels by time:
     D:7: 1583 daAuts
     D:2: 1299 daAuts
     D:1: 1155 daAuts
     D:4: 1035 daAuts
     D:6: 993 daAuts
     D:3: 974 daAuts
     D:5: 854 daAuts
     D:8: 220 daAuts
  Temple: 87 daAuts
  Bailey: 7 daAuts

Table legend:
 A = Non-vault XP
 B = Vault XP
 C = Vault XP percentage of total XP
 D = Non-vault monster count
 E = Vault monster count
 F = Vault count percentage of total count
                 A         B        C        D         E       F
            +---------+---------+-------+---------+---------+-------
      Total |    3599 |    1483 |  29.2 |     159 |      16 |   9.1
            +---------+---------+-------+---------+---------+-------
        D:1 |      64 |       0 |   0.0 |      32 |       0 |   0.0
        D:2 |      48 |       0 |   0.0 |      22 |       0 |   0.0
        D:3 |     169 |       0 |   0.0 |      19 |       0 |   0.0
        D:4 |     581 |       0 |   0.0 |      26 |       0 |   0.0
        D:5 |     365 |     197 |  35.1 |      10 |       1 |   9.1
        D:6 |     815 |       0 |   0.0 |      11 |       0 |   0.0
        D:7 |    1020 |    1278 |  55.6 |      24 |      11 |  31.4
        D:8 |     537 |       8 |   1.5 |      15 |       4 |  21.1
            +---------+---------+-------+---------+---------+-------
